 Dungeon Sprint DCSS version 0.22.1-2-g9c5b331383 (webtiles) character file.

513425 Groucho the Halfling Catapult (level 21, 183/183 HPs)
             Began as a Halfling Wanderer on Nov 15, 2018.
             Was the Champion of Qazlal.
             Escaped with the Orb!
             The game lasted 00:41:47 (11052 turns).

Groucho the Halfling Catapult (Halfling Wanderer)  Turns: 11052, Time: 00:41:48

Health: 183/183    AC: 53    Str: 28    XL:     21   Next: 54%
Magic:  38/38      EV: 25    Int:  9    God:    Qazlal [******]
Gold:   0          SH: 47    Dex: 22    Spells: 20/20 levels left

rFire    + . .     SeeInvis +   R - +6 fustibalus of the Blessed Realm {venom, rElec Dex+3}
rCold    + + .     Gourm    .   v - +18 shield of the Gong {rElec rN+ MR+ EV-5}
rNeg     + . .     Faith    .   a - +12 gold dragon scales
rPois    +         Spirit   .   Y - +2 helmet {SInv}
rElec    +         Reflect  .   I - +1 cloak {rPois}
rCorr    .         Harm     .   Z - +2 pair of gloves {archery}
MR       ++...     NoTele   +   X - +1 pair of boots {Fly}
Stlth    ..........             W - amulet of the acrobat
HPRegen  0.40/turn              K - +6 ring of strength
MPRegen  0.26/turn              G - ring "Xuirgh" {+Inv rC+ Str+5}

@: flying, repel missiles
A: small, blurry vision 1, clumsy 1, mutation resistance 1, no potion heal 1
0: Orb of Zot
a: Upheaval, Elemental Force, Disaster Area, Renounce Religion, Evoke
Invisibility, Stop Flying


You escaped.
You worshipped Qazlal.
Qazlal was exalted by your worship.
You were hungry.

You visited 1 branch

Inventory:

Hand Weapons
 w - the +7 great mace "Firestarter" {inner flame, rF++}
   (You found it in the Dungeon)

   It has been specially enchanted to burn those struck by it, causing extra
   injury to most foes and up to half again as much damage against particularly
   susceptible opponents.
   It greatly protects you from fire.
 x - the +8 lance "Wyrmbane" {slay drac, rPois rF+ rC+ AC+3}
   (You found it in the Dungeon)

   It affects your AC (+3).
   It protects you from fire.
   It protects you from cold.
   It protects you from poison.
 z - the +6 shillelagh "Devastator" {shatter}
   (You found it in the Dungeon)
 B - the +9 sword of Zonguldrok {reap}
   (You found it in the Dungeon)

   If a monster killed with it leaves a corpse in good enough shape, the corpse
   will be animated as a zombie friendly to the killer.
 C - the +6 Majin-Bo {vamp, Archmagi MP+6 Int+6}
   (You found it in the Dungeon)

   It inflicts no extra harm, but heals its wielder when it wounds a living foe.
   It affects your intelligence (+6).
   It affects your magic capacity (+6).
 D - the +10 dark maul {crush}
   (You found it in the Dungeon)

   It inflicts extra damage upon your enemies.
 E - the +9 heavy crossbow "Sniper" {velocity, Acc+∞ SInv}
   (You found it in the Dungeon)

   Any bolt fired from it inflicts extra damage.
   It lets you see invisible.
 F - the cursed +14 obsidian axe {chop, +Fly SInv *Curse}
   (You found it in the Dungeon)

   It inflicts extra damage upon your enemies.
   It lets you see invisible.
   It lets you fly.
   It curses itself when equipped.
   It has a curse placed upon it.
 P - a +5 fustibalus
 R - the +6 fustibalus of the Blessed Realm (weapon) {venom, rElec Dex+3}
   (You found it in the Dungeon)

   It poisons the ammo it fires.
   It affects your dexterity (+3).
   It insulates you from electricity.
Missiles
 Q - 925 sling bullets (quivered)
Armour
 a - +12 gold dragon scales (worn)
 u - the +15 Maxwell's patent armour {-Cast -Tele rElec MR+ rCorr}
   (You found it in the Dungeon)

   It insulates you from electricity.
   It affects your resistance to hostile enchantments.
   It prevents spellcasting.
   It prevents most forms of teleportation.
   It provides partial protection from all sources of acid and corrosion.
 v - the +18 shield of the Gong (worn) {rElec rN+ MR+ EV-5}
   (You found it in the Dungeon)

   It affects your evasion (-5).
   It insulates you from electricity.
   It protects you from negative energy.
   It affects your resistance to hostile enchantments.
 I - a +1 cloak of poison resistance (worn)
 X - a +1 pair of boots of flying (worn)
 Y - a +2 helmet of see invisible (worn)
 Z - a +2 pair of gloves of archery (worn)
Jewellery
 y - a +5 ring of slaying
 A - the ring "Lozukosk" {rElec rPois rF- MR+ Stlth-}
   (You took it off a naga mage in the Dungeon)

   [ring of protection from magic]

   It makes you vulnerable to fire.
   It insulates you from electricity.
   It protects you from poison.
   It affects your resistance to hostile enchantments.
   It makes you less stealthy.
 G - the ring "Xuirgh" (right hand) {+Inv rC+ Str+5}
   (You took it off a nagaraja in the Dungeon)

   [ring of protection from cold]

   It affects your strength (+5).
   It protects you from cold.
   It lets you turn invisible.
 H - the ring "Quistuyh" {rF+ rC+}
   (You took it off a skeletal warrior in the Dungeon)

   [ring of protection from cold]

   It protects you from fire.
   It protects you from cold.
 J - the ring of Duroiroodaje {rN+++ Str+7 Dex-3 SInv}
   (You took it off an iron imp in the Dungeon)

   [ring of see invisible]

   It affects your strength (+7).
   It affects your dexterity (-3).
   It renders you almost immune to negative energy.
   It lets you see invisible.
 K - a +6 ring of strength (left hand)
 S - the ring of Rupeimot {rElec rF+ rC+ Dex+2}
   (You found it in the Dungeon)

   [ring of protection from cold]

   It affects your dexterity (+2).
   It protects you from fire.
   It protects you from cold.
   It insulates you from electricity.
 W - an amulet of the acrobat (around neck)
Wands
 M - a wand of disintegration (6)
 N - a wand of iceblast (7)
 O - a wand of acid (7)
Scrolls
 k - 4 scrolls of blinking
 o - 4 scrolls of amnesia
 p - 8 scrolls of fog
 q - 2 scrolls of holy word
 r - 4 scrolls of identify
 s - 5 scrolls of remove curse
 t - 2 scrolls of fear
 V - 12 scrolls of brand weapon
Potions
 b - 2 potions of brilliance
 c - 9 potions of curing
 d - 2 potions of invisibility
 e - 4 potions of resistance
 g - 10 potions of heal wounds
 h - 21 potions of haste
 i - 4 potions of magic
 j - 2 potions of berserk rage
 m - 4 potions of agility
 n - 6 potions of might
Miscellaneous
 T - a fan of gales
 U - a fan of gales


   Skills:
 O Level 27 Fighting
 - Level 2.0 Long Blades
 O Level 27 Slings
 - Level 1.0(14.0) Throwing
 O Level 27 Armour
 O Level 27 Dodging
 - Level 2.1 Stealth
 O Level 27 Shields
 O Level 27 Invocations
 + Level 19.5 Evocations


You had 20 spell levels left.
You didn't know any spells.
Your spell library was empty.

Dungeon Overview and Level Annotations

Branches:
Dungeon (1/1)

Altars:
Ashenzari
Cheibriados
Dithmenos
Elyvilon
Fedhas
Gozag
Hepliaklqana
Kikubaaqudgha
Makhleb
Nemelex Xobeh
Okawaru
Qazlal
Ru
Sif Muna
Trog
Uskayaw
Vehumet
Wu Jian
Xom
Yredelemnul
Zin
The Shining One
Beogh
Jiyva
Lugonu


Innate Abilities, Weirdness & Mutations

You are small and have problems with some larger weapons.
You are somewhat resistant to further mutation.
Scrolls take you a little longer to read.
You are clumsy. (Dex -2)
Potions are less effective at restoring your health.


Message History

Things that are here:
a whip of holy wrath; a robe
There is a staircase leading out of the dungeon here.
You start waiting.
You are feeling hungry.
You aren't carrying any food.
Unknown command.
You start waiting.
Done waiting.
Unknown command.
You feel more experienced!
You have reached level 21!
Your experience leads to an increase in your attributes!
Your base attributes are Str 16, Int 9, Dex 21.
Increase (S)trength, (I)ntelligence, or (D)exterity?
You feel stronger.
Unknown command.
There is a staircase leading out of the dungeon here.
You start waiting.
You have escaped!

}.=)........▓.............▓...8©8
.....)."....▓..▓.......▓..▓..[..:
.......÷....▓.............▓..=.)|
..).).).÷...▓.............▓....).
.)..).=.....▓......©......▓......
.....)......▓▓▓▓▓▓▓▓▓▓▓▓▓▓▓......
▓..)÷...▓...▓8888888888888▓....))
▓▓.....▓▓▓..▓8..§........8▓..▓)..
▓.......▓...▓8.§@...).©..8▓.▓).(.
............▓8...........8▓....©.
....©.......▓8888888888888▓▓▓▓▓▓▓
▓▓▓▓▓▓▓▓▓▓▓▓▓▓▓▓▓▓▓▓▓▓▓▓▓▓▓▓▓▓▓▓▓
.....8©8........▓........8©8.....
).}:):})}=.)|.).▓.:..:):[|.|[.|:.
..:|[}[}|[.}:.[.▓.:}|.=.).)}[)}.}
.}..)}:)[=.}:=..▓..:[:).)..)[|:|.
................▓.......)).[.....


There were no monsters in sight!

Vanquished Creatures
  2 pandemonium lords (D)
  A greater mummy (D)
  A Brimstone Fiend (D)
  2 bone dragons (D)
  2 liches (D)
  A tentacled monstrosity (D)
  3 iron giants (D)
  A Hell Sentinel (D)
  3 Orb Guardians (D)
  A deep elf blademaster (D)
  7 acid blobs (D)
  An Executioner (D)
  5 azure jellies (D)
  3 nagarajas (D)
  A deep elf sorcerer (D)
  5 ghouls (D)
  An angel (D)
  13 spriggan defenders (D)
  12 reapers (D)
  7 very ugly things (D)
  12 vampire knights (D)
  2 stone giants (D)
  A lorocyproca (D)
  2 red draconians (D)
  3 black draconians (D)
  A deep elf demonologist (D)
  A purple draconian (D)
  4 yellow draconians (D)
  2 dire elephants (D)
  2 white draconians (D)
  2 mummy priests (D)
  5 death oozes (D)
  2 merfolk javelineers (D)
  A deep elf high priest (D)
  5 merfolk impalers (D)
  2 great orbs of eyes (D)
  3 yaktaur captains (D)
  12 spriggan air magi (D)
  2 centaur warriors (D)
  7 anacondas (D)
  10 naga warriors (D)
  A satyr (shapeshifter) (D)
  A satyr (D)
  2 anacondas (shapeshifter) (D)
  A merfolk aquamancer (D)
  A two-headed ogre (shapeshifter) (D)
  A dancing weapon (D)
  2 alligators (shapeshifter) (D)
  13 spriggan berserkers (D)
  A vampire mage (D)
  A thrashing horror (D)
  2 iron golems (D)
  2 soul eaters (D)
  A deep elf knight (D)
  2 sixfirhies (D)
  17 skeletal warriors (D)
  A flayed ghost (D)
  3 spriggan druids (D)
  An unseen horror (shapeshifter) (D)
  3 glowing orange brains (D)
  3 swamp dragons (shapeshifter) (D)
  A deep elf archer (D)
  3 glowing orange brains (shapeshifter) (D)
  4 shambling mangroves (D)
  3 deep elf magi (D)
  11 necromancers (D)
  An orc knight (D)
  A mana viper (shapeshifter) (D)
  2 manticores (D)
  6 shining eyes (D)
  2 ugly things (D)
  3 cyclopes (D)
  A wolf spider (D)
  A faun (D)
  An oklob plant (D)
  A shining eye (shapeshifter) (D)
  2 fauns (shapeshifter) (D)
  A water nymph (shapeshifter) (D)
  5 black mambas (D)
  7 guardian serpents (D)
  A guardian serpent (shapeshifter) (D)
  18 rust devils (D)
  10 naga magi (D)
  2 eyes of devastation (D)
  An eye of devastation (shapeshifter) (D)
  2 hellions (D)
  An orange demon (D)
  5 dryads (D)
  A freezing wraith (D)
  8 ice devils (D)
  A yaktaur (shapeshifter) (D)
  A yaktaur (D)
  4 red devils (D)
  8 tormentors (D)
  A jumping spider (shapeshifter) (D)
  5 merfolk (D)
  17 hornets (D)
  13 slime creatures (D)
  4 wind drakes (D)
  A hippogriff (shapeshifter) (D)
  3 hippogriffs (D)
  A flying skull (D)
  10 spriggans (D)
  An air elemental (D)
  4 wraiths (D)
  2 ushabtiu (D)
  10 shadows (D)
  A tarantella (shapeshifter) (D)
  2 water elementals (D)
  A vampire (D)
  A ynoxinul (D)
  3 yaks (D)
  A golden eye (shapeshifter) (D)
  A fire elemental (D)
  A chaos spawn (D)
  3 golden eyes (D)
  A hungry ghost (D)
  5 neqoxecs (D)
  A swamp worm (shapeshifter) (D)
  4 nagas (D)
  4 large abominations (D)
  6 hell hounds (D)
  8 water moccasins (D)
  6 necrophages (D)
  An eye of draining (shapeshifter) (D)
  6 orc warriors (D)
  2 ogres (D)
  3 centaurs (D)
  An eye of draining (D)
  2 wolves (D)
  8 wights (D)
  2 crimson imps (D)
  A quasit (D)
  10 jellies (D)
  7 iron imps (D)
  An orc wizard (D)
  3 mummies (D)
  6 adders (D)
  A river rat (D)
  2 white imps (D)
  2 ufetubi (D)
  2 oozes (D)
  An adder skeleton (D)
  9 adder zombies (D)
  5 ball pythons (D)
  A bat skeleton (D)
  10 bat zombies (D)
  A jackal (D)
  A ball python skeleton (D)
  3 ball python zombies (D)
  4 giant cockroach zombies (D)
  2 jackal skeletons (D)
  2 jackal zombies (D)
  A leopard gecko skeleton (D)
  2 leopard gecko zombies (D)
  A quokka skeleton (D)
  3 quokka zombies (D)
  4 butterflies (D)
562 creatures vanquished.

Vanquished Creatures (others)
  A deep elf mage (D)
  An adder (D)
2 creatures vanquished.

Grand Total: 564 creatures vanquished

Notes
Turn   | Place    | Note
-------+----------+-------------------------------------------
     0 | D        | Found the +6 Majin-Bo {vamp, Archmagi MP+6 Int+6}
     0 | D        | Found the +7 great mace "Firestarter" {inner flame, rF++}
     0 | D        | Groucho the Halfling Wanderer began the quest for the Orb.
     0 | D        | Groucho set off with: a +0 shield, a +0 falchion, 2 potions
                  | of curing, a +0 robe, a +0 dagger, a ration, a potion of
                  | heal wounds, a potion of haste, 2 potions of magic, a
                  | potion of berserk rage, a scroll of blinking
     0 | D        | Reached XP level 1. HP: 16/16 MP: 1/1
    16 | D        | Found a blossoming altar of Fedhas.
    25 | D        | Found a deep blue altar of Sif Muna.
    25 | D        | Found a bloodstained altar of Trog.
    25 | D        | Found a sacrificial altar of Ru.
    25 | D        | Found a stormy altar of Qazlal.
    25 | D        | Found an iron altar of Okawaru.
    26 | D        | Found a sparkling altar of Nemelex Xobeh.
    28 | D        | Found a transporter.
    28 | D        | Found an ancient bone altar of Kikubaaqudgha.
    28 | D        | Found a viscous altar of Jiyva.
    28 | D        | Found a corrupted altar of Lugonu.
    28 | D        | Found a hazy altar of Hepliaklqana.
    28 | D        | Found a burning altar of Makhleb.
    28 | D        | Found an opulent altar of Gozag.
    39 | D        | Found the +9 heavy crossbow "Sniper" {velocity, Acc+∞ SInv}
    39 | D        | Found the +10 dark maul {crush}
    39 | D        | Found the +15 Maxwell's patent armour {-Cast -Tele rElec
                  | MR+ rCorr}
    39 | D        | Found the +18 shield of the Gong {rElec rN+ MR+ EV-5}
    39 | D        | Found the cursed +14 obsidian axe {chop, +Fly SInv *Curse}
    41 | D        | Found the +6 shillelagh "Devastator" {shatter}
    41 | D        | Found the +11 plutonium sword {*Contam Stlth-}
    41 | D        | Found the +8 lance "Wyrmbane" {slay drac, rPois rF+ rC+
                  | AC+3}
    41 | D        | Found the +9 sword of Zonguldrok {reap}
    41 | D        | Found the cursed +13 scythe of Curses {drain, *Curse}
    41 | D        | Found the +0 sword of Power
    41 | D        | Found the +7 mace of Variability {chain chaos}
    41 | D        | Found the +7 Singing Sword
    94 | D        | Became a worshipper of Qazlal Stormbringer
   107 | D        | Entered arena 2.
   107 | D        | Noticed a jelly
   107 | D        | Noticed a jelly
   107 | D        | Found a transporter.
   110 | D        | Killed a jelly
   110 | D        | Reached XP level 2. HP: 20/21 MP: 1/3
   110 | D        | Reached XP level 3. HP: 25/26 MP: 1/4
   111 | D        | Reached XP level 4. HP: 31/32 MP: 1/6
   165 | D        | Entered arena 3.
   165 | D        | Noticed a water moccasin
   165 | D        | Noticed a water moccasin
   165 | D        | Found a transporter.
   169 | D        | Reached * piety under Qazlal
   171 | D        | Killed a water moccasin
   171 | D        | Reached skill level 5 in Shields
   171 | D        | Reached XP level 5. HP: 36/36 MP: 6/8
   174 | D        | Killed a water moccasin
   174 | D        | Reached skill level 5 in Armour
   174 | D        | Reached skill level 5 in Dodging
   174 | D        | Reached skill level 5 in Invocations
   174 | D        | Reached XP level 6. HP: 42/42 MP: 6/10
   309 | D        | Entered arena 4.
   309 | D        | Noticed a wolf
   309 | D        | Noticed a wolf
   309 | D        | Noticed a spriggan
   309 | D        | Noticed a spriggan
   309 | D        | Found a transporter.
   316 | D        | Killed a spriggan
   316 | D        | Reached ** piety under Qazlal
   316 | D        | Reached XP level 7. HP: 26/46 MP: 10/12
   319 | D        | Killed a spriggan
   319 | D        | Reached *** piety under Qazlal
   319 | D        | Reached skill level 10 in Slings
   319 | D        | Reached XP level 8. HP: 31/53 MP: 10/14
   456 | D        | Entered arena 5.
   456 | D        | Noticed a yak
   456 | D        | Noticed a yak
   456 | D        | Found a transporter.
   460 | D        | Killed a yak
   462 | D        | Killed a yak
   462 | D        | Reached **** piety under Qazlal
   469 | D        | Got the amulet of Greed {Spirit rF+ rC- Dex+4}
   473 | D        | Entered arena 6.
   473 | D        | Noticed a deep elf mage
   473 | D        | Noticed a deep elf demonologist
   473 | D        | Noticed a deep elf mage
   473 | D        | Noticed an air elemental
   473 | D        | Noticed a deep elf archer
   473 | D        | Found a transporter.
   474 | D        | Killed a deep elf mage
   475 | D        | Identified the +5 hand axe "Xaduli" {freeze, rElec rN+++
                  | MR- Str-3}
   477 | D        | Noticed a Hell Sentinel
   477 | D        | Killed a deep elf archer
   477 | D        | Reached XP level 9. HP: 38/57 MP: 10/16
   478 | D        | Noticed a balrug
   478 | D        | Killed a deep elf mage
   479 | D        | Killed a deep elf demonologist
   479 | D        | Reached skill level 10 in Armour
   479 | D        | Reached skill level 10 in Dodging
   479 | D        | Reached skill level 10 in Shields
   479 | D        | Reached skill level 10 in Invocations
   795 | D        | Entered arena 7.
   795 | D        | Noticed a slime creature
   796 | D        | Found a transporter.
   800 | D        | Reached ***** piety under Qazlal
   804 | D        | Killed a slime creature
   810 | D        | Reached XP level 10. HP: 63/63 MP: 18/18
   837 | D        | Entered arena 8.
   841 | D        | Found a transporter.
  1013 | D        | Entered arena 9.
  1013 | D        | Noticed a thrashing horror
  1014 | D        | Reached ****** piety under Qazlal
  1017 | D        | Killed a thrashing horror
  1236 | D        | Found a transporter.
  1253 | D        | Entered arena 10.
  1253 | D        | Noticed a greater mummy
  1253 | D        | Noticed a mummy priest
  1253 | D        | Noticed a mummy priest
  1260 | D        | Killed a mummy priest
  1260 | D        | Reached skill level 15 in Slings
  1260 | D        | Killed a mummy priest
  1260 | D        | Reached XP level 11. HP: 39/67 MP: 18/20
  1260 | D        | Noticed a soul eater
  1263 | D        | Found a transporter.
  1276 | D        | Killed a greater mummy
  1801 | D        | Entered arena 11.
  1802 | D        | Reached XP level 12. HP: 73/73 MP: 22/22
  1805 | D        | Found a transporter.
  1816 | D        | Got the ring of the Genius {+Blink rPois EV+2 Dex-5 Stlth+}
  1943 | D        | Entered arena 12.
  1943 | D        | Noticed a yaktaur captain
  1943 | D        | Noticed a centaur warrior
  1944 | D        | Noticed a centaur warrior
  1944 | D        | Noticed a yaktaur captain
  1945 | D        | Found a transporter.
  1945 | D        | Noticed a yaktaur captain
  1946 | D        | Killed a centaur warrior
  1946 | D        | Killed a centaur warrior
  1946 | D        | Killed a yaktaur captain
  1949 | D        | Killed a yaktaur captain
  1955 | D        | Killed a yaktaur captain
  2218 | D        | Entered arena 13.
  2218 | D        | Noticed a scimitar of holy wrath
  2218 | D        | Noticed a deep elf knight
  2218 | D        | Noticed a deep elf sorcerer
  2219 | D        | Noticed a deep elf blademaster
  2219 | D        | Noticed a deep elf high priest
  2220 | D        | Killed a scimitar of holy wrath
  2220 | D        | Reached skill level 15 in Dodging
  2220 | D        | Reached skill level 15 in Shields
  2220 | D        | Reached skill level 15 in Invocations
  2220 | D        | Reached skill level 15 in Armour
  2220 | D        | Noticed an anaconda
  2220 | D        | a shining eye changed into an anaconda
  2226 | D        | Killed a deep elf high priest
  2226 | D        | Reached XP level 13. HP: 53/78 MP: 8/24
  2226 | D        | Killed a deep elf sorcerer
  2226 | D        | Killed a deep elf blademaster
  2226 | D        | Killed an anaconda
  2240 | D        | Found a transporter.
  2344 | D        | Entered arena 14.
  2345 | D        | Noticed a stone giant
  2349 | D        | Noticed a stone giant
  2351 | D        | Killed a stone giant
  2354 | D        | Killed a stone giant
  2357 | D        | Found a transporter.
  2377 | D        | Got the ring "Pestrica" {Wiz *Contam rC+++ Int+4 Dex+3}
  2422 | D        | Entered arena 15.
  2422 | D        | Noticed a merfolk impaler
  2422 | D        | Noticed a merfolk impaler
  2423 | D        | Noticed a merfolk impaler
  2423 | D        | Noticed a merfolk javelineer
  2423 | D        | Noticed a merfolk impaler
  2425 | D        | Noticed a merfolk impaler
  2426 | D        | Killed a merfolk javelineer
  2426 | D        | Killed a merfolk impaler
  2426 | D        | Killed a merfolk impaler
  2426 | D        | Killed a merfolk impaler
  2426 | D        | Killed a merfolk impaler
  2426 | D        | Reached XP level 14. HP: 83/83 MP: 26/26
  2525 | D        | Found a transporter.
  2568 | D        | Entered arena 16.
  2780 | D        | Found a transporter.
  2859 | D        | Entered arena 17.
  2860 | D        | Noticed a black draconian
  2861 | D        | Noticed an Orb Guardian
  2861 | D        | Noticed a red draconian
  2861 | D        | Noticed a yellow draconian
  2862 | D        | Noticed a white draconian
  2862 | D        | Noticed a yellow draconian
  2862 | D        | Noticed a black draconian
  2862 | D        | Noticed an Orb Guardian
  2864 | D        | Noticed a tentacled monstrosity
  2865 | D        | Noticed a yellow draconian
  2865 | D        | Noticed a black draconian
  2865 | D        | Noticed a yellow draconian
  2866 | D        | Noticed a white draconian
  2867 | D        | Killed an Orb Guardian
  2867 | D        | Killed an Orb Guardian
  2867 | D        | Killed a black draconian
  2867 | D        | Killed a black draconian
  2867 | D        | Killed a red draconian
  2867 | D        | Killed a white draconian
  2867 | D        | Killed a yellow draconian
  2867 | D        | Killed a black draconian
  2867 | D        | Killed a white draconian
  2867 | D        | Reached XP level 15. HP: 83/88 MP: 26/28
  2876 | D        | Killed a tentacled monstrosity
  3225 | D        | Found a transporter.
  3287 | D        | Entered arena 18.
  3289 | D        | Noticed a reaper
  3289 | D        | Noticed a reaper
  3289 | D        | Noticed a reaper
  3291 | D        | Killed a reaper
  3295 | D        | Killed a reaper
  3295 | D        | Killed a reaper
  3403 | D        | Found a transporter.
  3479 | D        | Entered arena 19.
  3481 | D        | Noticed a brown very ugly thing
  3482 | D        | Noticed a white very ugly thing
  3483 | D        | Noticed a brown very ugly thing
  3483 | D        | Gained mutation: You are clumsy. (Dex -2) [a neqoxec]
  3484 | D        | Noticed a cyan very ugly thing
  3485 | D        | Killed a brown very ugly thing
  3485 | D        | Killed a white very ugly thing
  3495 | D        | Killed a brown very ugly thing
  3500 | D        | Killed a cyan very ugly thing
  3665 | D        | Found a transporter.
  3712 | D        | Entered arena 20.
  3716 | D        | Noticed a white very ugly thing
  3717 | D        | Noticed a brown very ugly thing
  3717 | D        | Gained mutation: Scrolls take you a little longer to read.
                  | [a shining eye]
  3718 | D        | Noticed a brown very ugly thing
  3719 | D        | Killed a brown very ugly thing
  3719 | D        | Reached XP level 16. HP: 94/94 MP: 21/30
  3719 | D        | Gained mutation: Potions are less effective at restoring
                  | your health. [a shining eye]
  4014 | D        | Found the +7 longbow "Piercer" {penet, EV-2}
  4014 | D        | Found a transporter.
  4051 | D        | Got the ring of Rupeimot {rElec rF+ rC+ Dex+2}
  4054 | D        | Got the ring of Eternal Harmony {+Inv rElec MR- Str+3
                  | Dex+4}
  4086 | D        | Entered arena 21.
  4468 | D        | Got the ring "Foaneur" {Fire +Blink rElec Dex-4 SInv}
  4484 | D        | Found a transporter.
  4505 | D        | Got the ring of Ugyinnove {rElec MP+9 Int+4}
  4524 | D        | Got the ring "Zianez" {rF+ rC- MR+ Int+5}
  4594 | D        | Entered arena 22.
  4607 | D        | Noticed a nagaraja
  4610 | D        | Reached skill level 27 in Slings
  4616 | D        | Noticed a nagaraja
  4617 | D        | Killed a nagaraja
  4627 | D        | Reached skill level 5 in Fighting
  4627 | D        | Killed a nagaraja
  4876 | D        | Found a transporter.
  4885 | D        | Got the ring "Lozukosk" {rElec rPois rF- MR+ Stlth-}
  4895 | D        | Got the amulet "Ecimofue" {Inacc Dex+2}
  4912 | D        | Got the ring "Xuirgh" {+Inv rC+ Str+5}
  4950 | D        | Entered arena 23.
  4958 | D        | Reached XP level 17. HP: 108/108 MP: 27/32
  4975 | D        | Reached skill level 10 in Fighting
  5015 | D        | Found a transporter.
  5167 | D        | Entered arena 24.
  5184 | D        | Noticed a bone dragon
  5187 | D        | Noticed an iron giant
  5190 | D        | Killed an iron giant
  5193 | D        | Killed a bone dragon
  5489 | D        | Found the +4 arc blade {discharge, rElec}
  5498 | D        | Found a transporter.
  5545 | D        | Entered arena 25.
  5551 | D        | Noticed an acid blob
  5551 | D        | Noticed an acid blob
  5552 | D        | Noticed an acid blob
  5552 | D        | Noticed an acid blob
  5556 | D        | Killed an acid blob
  5556 | D        | Killed an acid blob
  5556 | D        | Killed an acid blob
  5556 | D        | Killed an acid blob
  5556 | D        | Reached XP level 18. HP: 132/132 MP: 32/34
  5561 | D        | Noticed an acid blob
  5562 | D        | Killed an acid blob
  5563 | D        | Noticed an acid blob
  5572 | D        | Killed an acid blob
  5572 | D        | Reached skill level 15 in Fighting
  5579 | D        | Noticed an acid blob
  5591 | D        | Killed an acid blob
  5964 | D        | Found a transporter.
  6003 | D        | Got a shimmering granite ring
  6006 | D        | Identified the ring "Lesen" {rPois Dex+3} (You acquired it
                  | in the Dungeon)
  6019 | D        | Got the +6 fustibalus of the Blessed Realm {venom, rElec
                  | Dex+3}
  6106 | D        | Entered arena 26.
  6148 | D        | Noticed a Hell Sentinel
  6155 | D        | Killed a Hell Sentinel
  6156 | D        | Noticed a bone dragon
  6159 | D        | Noticed an iron giant
  6163 | D        | Noticed an iron giant
  6163 | D        | Killed a bone dragon
  6164 | D        | Killed an iron giant
  6167 | D        | Killed an iron giant
  6167 | D        | Reached skill level 27 in Dodging
  6521 | D        | Got the ring "Quistuyh" {rF+ rC+}
  6581 | D        | Got the ring of Duroiroodaje {rN+++ Str+7 Dex-3 SInv}
  6585 | D        | Found a transporter.
  6616 | D        | Got the ring "Feru" {AC+3 Int+2}
  6657 | D        | Entered arena 27.
  6672 | D        | Reached XP level 19. HP: 144/144 MP: 23/36
  6674 | D        | Killed a lich
  6677 | D        | Noticed a lich
  6686 | D        | Killed a lich
  6689 | D        | Reached skill level 27 in Shields
  6692 | D        | Reached skill level 27 in Armour
  6692 | D        | Reached skill level 27 in Invocations
  7261 | D        | Found the +2 pair of boots of the Assassin {Detection Stab+
                  | Stlth++}
  7263 | D        | Found the +10 Black Knight's horse barding {ponderous,
                  | rPois rN+}
  7298 | D        | Found a transporter.
  7423 | D        | Entered arena 28.
  7434 | D        | Identified the +1 falchion of Beyond {slice, Str+3}
  7438 | D        | Reached XP level 20. HP: 172/172 MP: 30/37
  7440 | D        | Found the +10 morningstar "Eos" {elec, Halo rElec}
  7459 | D        | Reached skill level 27 in Fighting
  7655 | D        | Found a transporter.
  7770 | D        | Got the Orb of Zot
  7853 | D        | Reached skill level 5 in Evocations
  8761 | D        | Reached skill level 10 in Evocations
  8874 | D        | Noticed a Brimstone Fiend
  8881 | D        | Killed a Brimstone Fiend
  9140 | D        | Noticed Xuto the pandemonium lord
  9150 | D        | Noticed a Hell Sentinel
  9151 | D        | Killed Xuto the pandemonium lord
 10795 | D        | Noticed Odday the pandemonium lord
 10813 | D        | Killed Odday the pandemonium lord
 11013 | D        | Reached XP level 21. HP: 183/183 MP: 38/38
 11052 | D        | Escaped with the Orb!

Skill      XL: |  1  2  3  4  5  6  7  8  9 10 11 12 13 14 15 16 17 18 19 20 |
---------------+-------------------------------------------------------------+-----
Slings         | 3 4 6 7 9 10 12 13 15 17 19 21 23 25 27 | 27.0
Armour         | 2 3 4 5 6 8 9 10 12 13 15 16 18 20 22 24 26 27 | 27.0
Dodging        | 2 3 4 5 6 8 9 10 12 13 15 16 18 21 23 25 27 | 27.0
Shields        | 3 5 6 7 8 9 10 12 13 15 17 18 20 22 24 26 27 | 27.0
Invocations    | 2 3 4 5 6 8 9 10 12 13 15 16 18 20 22 24 26 27 | 27.0
Fighting       | 7 14 17 25 27 | 27.0
Evocations     | 19 | 19.5
Long Blades    | |  2.0
Throwing       | |  1.0
Stealth        | |  2.1

Action                   |  1- 3 |  4- 6 |  7- 9 | 10-12 | 13-15 | 16-18 | 19-21 || total
-------------------------+-------+-------+-------+-------+-------+-------+-------++-------
Melee: Shillelagh        |     3 |    14 |    24 |    24 |       |       |       ||    65
 Fire: Fustibalus        |       |       |       |    11 |    65 |   211 |   143 ||   430
Invok: Upheaval          |       |       |     1 |    10 |     6 |    14 |     9 ||    40
       Disaster Area     |       |       |       |     6 |    11 |    26 |     6 ||    49
Evoke: Fan of gales      |       |       |       |     2 |       |     3 |     1 ||     6
       Wand              |       |       |       |       |       |       |     1 ||     1
  Use: Potion            |       |       |     2 |     6 |       |     5 |     1 ||    14
       Scroll            |       |       |       |       |       |    10 |       ||    10
  Eat: Ration            |       |       |       |     1 |     1 |     3 |     3 ||     8
       Chunk             |       |       |       |       |     2 |       |       ||     2
Armor: Plate armour      |       |    17 |     8 |     8 |     2 |    17 |       ||    52
       Gold dragon scale |       |       |       |       |       |       |     8 ||     8
Dodge: Dodged            |       |     3 |     5 |     9 |     3 |    24 |     6 ||    50
       Deflected         |       |       |       |     2 |     1 |     5 |     1 ||     9
Block: Shield            |     4 |    37 |    48 |    58 |    15 |   133 |    42 ||   337
